 Dungeon Crawl Stone Soup version 0.26.0-45-g9c1d065592 (webtiles) character file.

Game seed: 12174406323147822209

55 Descartes the Magician (level 3, 0/19 HPs)
             Began as a Deep Elf Hedge Wizard on Jan 27, 2021.
             Slain by an orc wizard
             ... wielding a +0 dagger
              (4 damage)
             ... on level 2 of the Dungeon.
             The game lasted 00:05:10 (3008 turns).

Descartes the Magician (Deep Elf Hedge Wizard)      Turns: 3008, Time: 00:05:10

Health: 0/19       AC:  4    Str:  7    XL:     3   Next: 67%
Magic:  7/11       EV: 12    Int: 19    God:
Gold:   94         SH:  0    Dex: 14    Spells: 10/11 levels left

rFire    . . .     SeeInvis .   a - +0 dagger
rCold    . . .     Faith    .   (no shield)
rNeg     . . .     Spirit   .   f - +0 leather armour
rPois    .         Reflect  .   c - +0 hat
rElec    .         Harm     .   (no cloak)
rCorr    .         Rampage  .   h - +0 pair of gloves
Will     .....                  (no boots)
Stlth    +.........             (no amulet)
HPRegen  0.06/turn              j - ring of attention (curse)
MPRegen  0.12/turn              (no ring)

@: very slightly contaminated, invisible
A: no striking features
a: no special abilities


You were on level 2 of the Dungeon.
You visited 1 branch of the dungeon, and saw 3 of its levels.

You collected 94 gold pieces.

Inventory:

Hand Weapons
 a - a +0 dagger (weapon)
Missiles
 d - 113 stones
 e - 73 arrows
 k - 21 sling bullets
Armour
 b - a +0 robe
 c - a +0 hat (worn)
 f - a +0 leather armour (worn)
 h - a +0 pair of gloves (worn)
Jewellery
 j - a cursed ring of attention (left hand)
 l - an uncursed ring of ice
Scrolls
 g - 3 scrolls of identify
 n - 2 scrolls of enchant armour {unknown}
 o - a scroll of teleportation
Potions
 i - a potion of heal wounds
 p - a potion of resistance {unknown}


   Skills:
 - Level 3.0 Dodging
 - Level 3.0 Stealth
 + Level 4.8 Spellcasting
 * Level 2.5 Conjurations
 - Level 1.1 Summonings
 + Level 1.7 Translocations


You had 10 spell levels left.
You knew the following spells:

 Your Spells              Type           Power        Failure   Level
a - Magic Dart            Conj           56%          7%          1

Your spell library contained the following spells:

 Spells                   Type           Power        Failure   Level
 Blink                    Tloc           N/A          14%         2
 Call Imp                 Summ           8%           19%         2
 Slow                     Hex            4%           28%         2
 Conjure Flame            Conj/Fire      9%           32%         3
 Mephitic Cloud           Conj/Pois/Air  7%           38%         3


Dungeon Overview and Level Annotations

Branches:
Dungeon (3/15)

Altars:


Message History

The orc wizard is moderately wounded.
The orc wizard begins to cast a cantrip, but forgets the words!
The orc wizard looks encouraged for a moment.
You hit the orc wizard but do no damage.
The orc wizard is moderately wounded.
The orc wizard barely misses you.
You hit the orc wizard.
The orc wizard is moderately wounded.
The orc wizard hits you with a +0 dagger.
The orc wizard closely misses you.
It was a potion of invisibility.
You fade into invisibility!
The orc wizard misses you.
You are very lightly contaminated with residual magic.
You closely miss the orc wizard.
The orc wizard is moderately wounded.
The orc wizard hits you with a +0 dagger.
* * * LOW HITPOINT WARNING * * *
The orc wizard hits you with a +0 dagger.
You die...

#.###### #......##.......#
#.#
#.#########...............#
#.#
#.........'...............#
#.#
.#####....#........#.....##
#.#
...............#.......###
#.#
...............#.......#
#.#
.......................#
#.#
..........#............#
#.#
.......####.....@......#
#.# .......# ##...#.o.....#
#.# .......# #.........###
#.# .......# ##.#.####.#
#.# #.#'#### #.#.# #.# #.#
#.#.# #.#.# #.# #.# ..#.#
#.#.# #.##########.# ###.#
#.#.####............. #.#
#.#.................#


You could see an orc wizard (fast).

Vanquished Creatures
  A howler monkey skeleton (D:3)
  2 dart slugs (D:1)
  A leopard gecko (D:1)
  An orc (D:3)
  2 ball pythons
  2 giant cockroaches (D:1)
  7 goblins
  2 hobgoblins (D:1)
  9 bats (D:1)
  2 frilled lizards
  A giant cockroach zombie (D:3)
  6 kobolds
  2 rats (D:1)
38 creatures vanquished.

Vanquished Creatures (others)
  4 toadstools (D:1)
4 creatures vanquished.

Grand Total: 42 creatures vanquished

Notes
Turn   | Place    | Note
-------+----------+-------------------------------------------
     0 | D:1      | Descartes the Deep Elf Hedge Wizard began the quest for the
                  | Orb.
     0 | D:1      | Reached XP level 1. HP: 10/10 MP: 7/7
   348 | D:1      | Reached XP level 2. HP: 15/15 MP: 6/9
  1003 | D:1      | Reached XP level 3. HP: 19/19 MP: 8/11
  3008 | D:2      | Slain by an orc wizard

Illustrated notes

Levels and vault maps discovered:
D:1:      ldierk_walled_garden_2, layout_basic, minmay_misc_feat_square,
          minmay_pentomino_r4
D:2:      layout_basic
D:3:      layout_basic, serial_undead, serial_undead_e, serial_undead_a,
          serial_undead_c, serial_undead_d, uniq_natasha, uniq_robin

Skill      XL: |  1  2  3 |
---------------+----------+-----
Conjurations   | 2 |  2.5
Stealth        | 3 |  3.0
Dodging        | 3 |  3.0
Spellcasting   | |  4.8
Summonings     | |  1.1
Translocations | |  1.7

Action                   || total
-------------------------++-------
Melee: Dagger            ||    23
 Cast: Magic Dart        ||   106
  Use: Scroll            ||     4
       Potion            ||     3
Armor: Robe              ||     1
       Leather armour    ||    10
Dodge: Dodged            ||    26
